 Dungeon Crawl Stone Soup version 0.28-a0-872-g80cf8599ee (webtiles) character file.

Game seed: 16756605574546842848

222 murtidash the Gusty (level 5, -1/29 HPs)
             Began as a Tengu Air Elementalist on Nov 20, 2021.
             Slain by a gnoll (10 damage)
             ... on level 2 of the Dungeon.
             The game lasted 00:09:34 (3228 turns).

murtidash the Gusty (Tengu Air Elementalist)        Turns: 3228, Time: 00:09:35

Health: -1/29      AC:  4    Str:  8    XL:     5   Next: 99%
Magic:  0/9        EV: 14    Int: 16    God:
Gold:   114        SH:  0    Dex: 15    Spells: 0/8 levels left

rFire   . . .      SeeInvis .   a - +1 dagger (protect)
rCold   . . .      Faith    .   (no shield)
rNeg    . . .      Spirit   .   i - +2 animal skin
rPois   .          Reflect  .   (helmet restricted)
rElec   .          Harm     .   (no cloak)
rCorr   .          Rampage  .   (no gloves)
Will    .....                   (boots unavailable)
Stlth   ++........              (no amulet)
HPRegen 0.09/turn               (no ring)
MPRegen 0.11/turn               (no ring)

@: flying quickly and evasively, quick
A: beak, talons 3, nimble flight
a: no special abilities


You were on level 2 of the Dungeon.
You visited 1 branch of the dungeon, and saw 3 of its levels.

You collected 134 gold pieces.
You spent 20 gold pieces at shops.

Inventory:

Hand Weapons
 a - a +1 dagger of protection (weapon)
   (You took it off a goblin on level 2 of the Dungeon)
 b - a +0 dagger of venom
   (You took it off a goblin on level 2 of the Dungeon)
Armour
 i - a +2 animal skin (worn)
   (You took it off Robin on level 2 of the Dungeon)
Scrolls
 f - a scroll of silence {unknown}
 g - a scroll of teleportation {unknown}
 h - 5 scrolls of identify {@r1}
 k - a scroll of vulnerability {unknown}
 p - a scroll of immolation {unknown}
Potions
 c - a potion of degeneration {unknown}
 m - a potion of berserk rage {unknown}
 n - a potion of lignification {unknown}
 o - a potion of ambrosia {unknown}


   Skills:
 - Level 1.0 Fighting
 - Level 2.1 Dodging
 - Level 2.0 Stealth
 - Level 2.0 Spellcasting
 - Level 4.0 Conjurations
 + Level 7.3 Air Magic


You couldn't memorise any spells.
You knew the following spells:

 Your Spells              Type           Power      Damage    Failure   Level
s - Swiftness             Air            25%        N/A       3%          3
X - Airstrike             Air            12%        N/A       10%         4
Z - Shock                 Conj/Air       76%        1d7       1%          1

Your spell library contained the following spells:

 Spells                   Type           Power      Damage    Failure   Level
 Static Discharge         Conj/Air       19%        N/A       3%          2
 Pain                     Necr           4%         1d4       21%         1
 Agony                    Necr           1%         N/A       99%         5
 Excruciating Wounds      Necr           0%         N/A       99%         5


Dungeon Overview and Level Annotations

Branches:
Dungeon (3/15)

Altars:

Shops:
D:1 *


Innate Abilities, Weirdness & Mutations

You have a beak for a mouth.
You have claws for feet.
Your magical nature lets you fly swiftly and evasively.


Message History

You now have 2/9 mp.
You can't see any susceptible monsters within range! (Use Z to cast anyway.)
A dart slug comes into view.
You regained 2 mp, and now have 4/9 mp.
Aim: a dart slug (wandering, hasn't noticed you, 100% to hit)
The zap hits the dart slug.
You now have 3/9 mp.
Aim: a dart slug (heavily wounded, 100% to hit)
The zap hits the dart slug.
You now have 2/9 mp.
Aim: a dart slug (almost dead, 100% to hit)
The zap hits the dart slug.
You kill the dart slug!
You now have 1/9 mp.
You now have 73 gold pieces (gained 12).
Items here: ( ) [ †.
Health restored: 29; MP restored: 9 You now have 84 gold pieces (gained 11).
Things that are here:
17 stones; a +0 club; a +0 hunting sling You now have 100 gold pieces (gained 16).
You see here a +0 dagger.
There is a stone staircase leading up here.
Found an escape hatch in the ceiling.
You now have 114 gold pieces (gained 14).
You see here a dart slug corpse.
A bat comes into view.
Aim: a bat (asleep, 100% to hit)
The zap hits the bat.
You kill the bat!
You now have 8/9 mp.
You can't see any susceptible monsters within range! (Use Z to cast anyway.)
You can't see any susceptible monsters within range! (Use Z to cast anyway.)
Found a stone staircase leading down.
MP restored: 9 A kobold is nearby!
Aim: a kobold, wielding a +0 short sword (wandering, hasn't noticed you, 64% to hit)
The zap hits the kobold!
You kill the kobold!
You now have 8/9 mp.
You can't see any susceptible monsters within range! (Use Z to cast anyway.)
You can't see any susceptible monsters within range! (Use Z to cast anyway.)
A quokka comes into view.
MP restored: 9
Aim: a quokka (asleep, 100% to hit)
The zap hits the quokka.
You kill the quokka!
You now have 8/9 mp.
You can't see any susceptible monsters within range! (Use Z to cast anyway.)
You can't see any susceptible monsters within range! (Use Z to cast anyway.)
A gnoll comes into view. It is wielding a +0 club.
The gnoll shouts!
You hear a shout! x2
MP restored: 9
Aim: a gnoll, wielding a +0 club (75% to hit)
The zap hits the gnoll.
A gnoll comes into view. It is wielding a +0 flail.
You now have 8/9 mp.
Aim: a gnoll, wielding a +0 club (heavily wounded, 75% to hit)
You miscast Shock.
You are very lightly contaminated with residual magic.
Nothing appears to happen.
The gnoll hits you with a +0 club.
You take 4 damage, and have 25/29 hp.
You now have 7/9 mp.
Aim: a gnoll, wielding a +0 club (heavily wounded, 75% to hit)
The zap hits the gnoll. x2; The gnoll misses you.
A gnoll comes into view. It is wielding a +0 spear.
You now have 6/9 mp.
The gnoll misses you.
Your magical contamination has completely faded away.
There is a stone staircase leading up here.
Aim: a gnoll, wielding a +0 flail (lightly wounded, 75% to hit)
The zap hits the gnoll.
You now have 7/9 mp.
Aim: a gnoll, wielding a +0 flail (lightly wounded, 75% to hit)
The zap misses the gnoll.
The zap hits the gnoll.
You now have 6/9 mp.
Aim: a gnoll, wielding a +0 flail (lightly wounded, 75% to hit)
The zap hits the gnoll.
The zap hits the gnoll!
You now have 5/9 mp.
The zap hits the gnoll.
The zap misses the gnoll.
The gnoll hits you with a +0 flail!
You take 8 damage, and have 19/29 hp.
MASSIVE DAMAGE!!
You now have 4/9 mp.
The zap misses the gnoll.
The zap hits the gnoll but does no damage.
The gnoll barely misses you.
You now have 3/9 mp.
The zap misses the gnoll. x2; The gnoll barely misses you.
The gnoll barely misses you. The gnoll hits you with a +0 flail.
You fly upwards.
There is a stone staircase leading down here.
You take 2 damage, and have 17/29 hp.
That beam is likely to hit you.
Continue anyway?
Okay, then.
The zap hits the gnoll but does no damage. x2
The gnoll hits you with a +0 flail!
You take 8 damage, and have 9/29 hp.
MASSIVE DAMAGE!!
You now have 2/9 mp.
The zap hits the gnoll. x2; The gnoll misses you.
You now have 1/9 mp.
The zap hits the gnoll.
The zap misses the gnoll.
The gnoll hits you with a +0 flail!
You die...

##### ##...##
####.###.#########
#.÷...............
#>##.#...#.##.####
#g###...##.##.# #.
#@# ##.....##.# #.
#.# ##.#####.# #.
#.# #.#####.# #.
#.# #.......# #.
#.# ######### #.
#.# #.....# ## #.#
#.....# #.#
#.....# #.#
#.....#####


You could see a gnoll.

Vanquished Creatures
  An iguana (D:3)
  Robin (D:2)
  7 gnolls
  2 adders (D:2)
  4 dart slugs
  An orc (D:3)
  7 ball pythons
  7 endoplasms
  4 giant cockroaches
  18 goblins
  7 hobgoblins
  3 jackals (D:2)
  5 quokkas
  4 bats
  4 frilled lizards
  8 kobolds
  6 rats
89 creatures vanquished.

Notes
Turn   | Place    | Note
-------+----------+-------------------------------------------
     0 | D:1      | murtidash the Tengu Air Elementalist began the quest for
                  | the Orb.
     0 | D:1      | Reached XP level 1. HP: 10/10 MP: 4/4
   136 | D:1      | Reached skill level 2 in Conjurations
   136 | D:1      | Reached XP level 2. HP: 14/16 MP: 0/6
   216 | D:1      | Found Wud Affo's General Store.
   285 | D:1      | Reached skill level 1 in Fighting
   531 | D:1      | Reached XP level 3. HP: 16/20 MP: 3/7
   536 | D:1      | Learned a level 3 spell: Swiftness
   592 | D:1      | Reached skill level 3 in Conjurations
   935 | D:1      | Found a faded altar of an unknown god.
  1194 | D:1      | Bought a scroll of identify for 20 gold pieces
  1422 | D:2      | Noticed Robin
  1509 | D:2      | Reached XP level 4. HP: 23/25 MP: 0/8
  1515 | D:2      | Killed Robin
  1516 | D:2      | Reached skill level 4 in Conjurations
  1516 | D:2      | Reached skill level 5 in Air Magic
  2062 | D:2      | Reached skill level 6 in Air Magic
  2062 | D:2      | Gained mutation: Your magical nature lets you fly swiftly
                  | and evasively. [Tengu growth]
  2062 | D:2      | Reached XP level 5. HP: 28/29 MP: 5/9
  2157 | D:2      | Learned a level 4 spell: Airstrike
  2931 | D:3      | Reached skill level 7 in Air Magic
  3228 | D:2      | Slain by a gnoll

Illustrated notes

Levels and vault maps discovered:
D:1:      matt_arrival_grand_opening, layout_loops_ring, serial_shops, shop,
          shapermc_ecumenical_altar_venn
D:2:      layout_loops_cross, uniq_robin
D:3:      layout_rooms

Skill      XL: |  1  2  3  4  5 |
---------------+----------------+-----
Conjurations   | 2 3 4 |  4.0
Fighting       | 1 |  1.0
Air Magic      | 6 7 |  7.3
Dodging        | |  2.1
Stealth        | |  2.0
Spellcasting   | |  2.0

Action                   |  1- 3 |  4- 6 || total
-------------------------+-------+-------++-------
Melee: Unarmed           |     3 |       ||     3
       Peck              |     1 |     2 ||     3
       Dagger            |       |    10 ||    10
       Kick              |       |     4 ||     4
 Cast: Shock             |    71 |   105 ||   176
Armor: Robe              |     3 |       ||     3
       Animal skin       |       |     6 ||     6
Dodge: Dodged            |    17 |    24 ||    41

Table legend: (Time is in decaauts)
 A = Elapsed time spent in this place.
 B = Non-inter-level travel time spent in this place.
 C = Inter-level travel time spent in this place.
 D = Time resting spent in this place.
 E = Time spent auto-exploring this place.
 F = Levels seen in this place.
 G = Mean time per level.
                   A        B        C        D        E       F      G
               +--------+--------+--------+--------+--------+-----+--------+
         Total |   3179 |   3106 |     73 |     31 |   2551 |   3 | 1059.7 |
       Dungeon |   3179 |   3106 |     73 |     31 |   2551 |   3 | 1059.7 |
               +--------+--------+--------+--------+--------+-----+--------+

Top non-repeatable levels by time:
     D:2: 1421 daAuts
     D:1: 1212 daAuts
     D:3: 546 daAuts

Table legend:
 A = Kills in this place as a percentage of kills in entire the game.
 B = Kills by you in this place as a percentage of kills by you in the entire game.
 C = Kills by friends in this place as a percentage of kills by friends in the entire game.
 D = Other kills in this place as a percentage of other kills in the entire game.
 E = Experience gained in this place as a percentage of experience gained in the entire game.
 F = Experience gained in this place divided by the number of levels of this place that you have seen.
                   A       B       C       D       E      F
               +-------+-------+-------+-------+-------+----------------------
         Total | 100.0 | 100.0 |   N/A |   N/A | 100.0 | 106.0
       Dungeon | 100.0 | 100.0 |   N/A |   N/A | 100.0 | 106.0
               +-------+-------+-------+-------+-------+----------------------
